 Dungeon Crawl Stone Soup version 0.28.0 (webtiles) character file.

Game seed: 7262025222095583426

51485 Strat the Severer (level 14, -5/132 HPs)
             Began as a Deep Dwarf Fighter on Feb 12, 2022.
             Was the Champion of Makhleb.
             Slain by a titanic slime creature (80 damage)
             ... on level 12 of the Dungeon.
             The game lasted 00:55:04 (10573 turns).

Strat the Severer (Deep Dwarf Fighter)             Turns: 10573, Time: 00:55:04

Health: -5/132     AC: 26    Str: 30    XL:     14   Next: 23%
Magic:  15/15      EV:  9    Int: 13    God:    Makhleb [******]
Gold:   1098       SH: 12    Dex: 12    Spells: 9/13 levels left

rFire   . . .      SeeInvis .   a - +1 war axe (venom)
rCold   . . .      Faith    .   n - +0 kite shield
rNeg    + . .      Spirit   .   A - +0 crystal plate armour
rPois   .          Reflect  .   F - +0 helmet
rElec   .          Harm     .   (no cloak)
rCorr   .          Rampage  .   D - +3 pair of gloves of Refuge {Will+ Int+3}
Will    +++..                   (no boots)
Stlth   ..........              (no amulet)
HPRegen 0.00/turn               f - +4 ring of evasion
MPRegen 0.14/turn               r - +6 ring of strength

@: about to teleport, studying Fighting
A: damage resistance, heal wounds, negative energy resistance 1, sense
surroundings 2, no regeneration
a: Heal Wounds, Renounce Religion, Minor Destruction, Lesser Servant of Makhleb,
Major Destruction, Greater Servant of Makhleb


You were on level 12 of the Dungeon.
You worshipped Makhleb.
Makhleb was exalted by your worship.
You visited 3 branches of the dungeon, and saw 19 of its levels.
You also visited: Bailey and Ice Cave.

You collected 1254 gold pieces.
You spent 156 gold pieces at shops.

Inventory:

Hand Weapons
 a - a +1 war axe of venom (weapon)
 h - a +3 flail of holy wrath
 v - a +0 vorpal war axe
Missiles
 e - 16 poisoned darts
 l - 167 stones
 p - 12 boomerangs
 x - 2 silver boomerangs
 M - 6 datura-tipped darts
Armour
 n - a +0 kite shield (worn)
 u - a +0 chain mail
 A - a +0 crystal plate armour (worn)
 D - the +3 pair of gloves of Refuge (worn) {Will+ Int+3}
   (You found it on level 9 of the Dungeon)

   Int:       It affects your intelligence (+3).
   Will:      It increases your willpower.
 F - a +0 helmet (worn)
Jewellery
 f - a +4 ring of evasion (left hand)
 r - a +6 ring of strength (right hand)
 s - a ring of see invisible
 w - a ring of ice
 y - a +4 ring of evasion
Wands
 d - a wand of flame (11)
 j - a wand of polymorph (7)
 C - a wand of paralysis (3)
 H - a wand of iceblast (5)
 K - a wand of mindburst (4)
 P - a wand of charming (7)
Scrolls
 b - a scroll of silence
 i - 5 scrolls of teleportation
 m - a scroll of identify
 B - 2 scrolls of magic mapping
 G - 2 scrolls of immolation
 S - a scroll of acquirement
Potions
 c - 2 potions of invisibility
 g - 3 potions of flight
 k - a potion of cancellation {unknown}
 o - 4 potions of mutation
 q - 3 potions of heal wounds
 t - 6 potions of curing
 z - 3 potions of haste
 I - 5 potions of might
 J - 2 potions of resistance
 L - 4 potions of degeneration {unknown}
 N - 2 potions of brilliance {unknown}
 Q - a potion of lignification {unknown}
 R - a potion of ambrosia {unknown}
Miscellaneous
 E - a condenser vane
 O - a phantom mirror


   Skills:
 + Level 10.0 Fighting
 - Level 16.0 Axes
 - Level 10.0 Armour
 + Level 12.7 Shields
 + Level 14.6 Invocations


You had 9 spell levels left.
You knew the following spells:

 Your Spells              Type           Power      Damage    Failure   Level
a - Apportation           Tloc           0%         N/A       100%        1
b - Vampiric Draining     Necr           0%         2d6       100%        3

Your spell library contained the following spells:

 Spells                   Type           Power      Damage    Failure   Level
 Animate Skeleton         Necr           0%         N/A       100%        1
 Foxfire                  Conj/Fire      0%         2x1d4     100%        1
 Pain                     Necr           0%         1d4       100%        1
 Sandblast                Erth           0%         2d4       100%        1
 Blink                    Tloc           0%         N/A       100%        2
 Passwall                 Tmut/Erth      0%         N/A       100%        2
 Static Discharge         Conj/Air       0%         N/A       100%        2
 Conjure Flame            Conj/Fire      0%         6-21      100%        3
 Inner Flame              Hex/Fire       0%         N/A       100%        3
 Lesser Beckoning         Tloc           0%         N/A       100%        3
 Ozocubu's Armour         Ice            0%         N/A       100%        3
 Stone Arrow              Conj/Erth      0%         3d7       100%        3
 Flame Wave               Conj/Fire      0%         2d4       100%        4
 Alistair's Intoxication  Tmut/Pois      0%         N/A       100%        5
 Lightning Bolt           Conj/Air       0%         1d11      100%        5
 Manifold Assault         Tloc           0%         N/A       100%        5
 Summon Forest            Summ/Tloc      0%         N/A       100%        5
 Summon Mana Viper        Hex/Summ       0%         N/A       100%        5
 Summon Cactus Giant      Summ           0%         N/A       100%        6
 Ozocubu's Refrigeration  Ice            0%         4d5       100%        7
 Maxwell's Capacitive Co  Air            0%         ∞         100%        8


Dungeon Overview and Level Annotations

Branches:
Dungeon (12/15)            Temple (1/1) D:6            Lair (6/6) D:9
  Swamp (0/4) Lair:3        Snake (0/4) Lair:4        Slime (0/5) Lair:5
 Bailey (visited)           IceCv (visited)
    Orc: D:9-12

Altars:
Ashenzari
Cheibriados
Dithmenos
Elyvilon
Fedhas
Hepliaklqana
Kikubaaqudgha
Makhleb
Nemelex Xobeh
Okawaru
Sif Muna
Uskayaw
Wu Jian
Yredelemnul
The Shining One
Jiyva

Shops:
D:1 (   D:4 :   D:5 :   D:9 !


Innate Abilities, Weirdness & Mutations

You are resistant to damage.
You can heal yourself by infusing magical energy.
You resist negative energy. (rN+)
You passively map the area around you.
You do not regenerate.


Message History

The slime creature quivers. x3
There is an open door here.
You slice the slime creature!!
The slime creature looks as sick as possible!
The slime creature is moderately wounded.
The slime creature hits you but does no damage.
You barely miss the slime creature.
The slime creature is moderately wounded.
Two slime creatures merge to form a large slime creature.
You block the slime creature's attack.
You hit the slime creature.
The slime creature is heavily wounded.
You block the slime creature's attack.
Two slime creatures merge to form a very large slime creature.
You hit the very large slime creature but do no damage.
The very large slime creature is lightly wounded.
You barely miss the very large slime creature.
The very large slime creature is moderately wounded.
Two slime creatures merge to form an enormous slime creature.
You slash the enormous slime creature!
The enormous slime creature looks as sick as possible!
The enormous slime creature is lightly wounded.
The enormous slime creature hits you but does no damage.
Two slime creatures merge to form a titanic slime creature.
You barely miss the titanic slime creature.
The titanic slime creature is lightly wounded.
You slash the titanic slime creature!
The titanic slime creature is moderately wounded.
You slash the titanic slime creature!
The titanic slime creature is moderately wounded.
You slash the titanic slime creature!
The titanic slime creature looks as sick as possible!
The titanic slime creature is moderately wounded.
The titanic slime creature hits you!
* * * LOW HITPOINT WARNING * * *
There is an open door here.
As you read the scroll of teleportation, it crumbles to dust.
You feel strangely unstable. The titanic slime creature hits you!!!!
Ouch! That really hurt!
You die...

#.# #.# ### #.# #.#
*###+### ####'#### * #
....... #.......#* * *
,.......####.......+ ,
....JJ.'.##.).....#, *
..[....#.##.......# ,,
,...J...#.##.......#,,,,,
, .......#.J@.......#* ,,
###########.......# * ,
#.......# , ######### * *


You could see a titanic slime creature (extremely poisoned).

Vanquished Creatures
  A boulder beetle (D:11)
  A hydra (Lair:6)
  Erolcha (D:10)
  A merfolk avatar (Lair:6)
  5 two-headed ogres
  7 death yaks
  Pikel (D:7)
  A harpy (Lair:6)
  2 manticores
  A cyclops (D:11)
  5 elephants
  3 black mambas
  2 torpor snails (Lair:1)
  A gargoyle (D:12)
  16 cane toads
  Joseph (D:8)
  13 komodo dragons
  3 rime drakes
  5 polar bears
  3 trolls
  Prince Ribbit (D:5)
  Grinder (D:5)
  A hornet (Lair:5)
  2 snapping turtles (Lair:6)
  4 dream sheep (Lair:5)
  10 blink frogs
  2 wyverns
  67 yaks
  3 humans (Lair:5)
  7 basilisks
  7 vampire mosquitoes
  A naga (Lair:4)
  2 death yak simulacra (IceCv)
  Edmund (D:4)
  An acid dragon (D:11)
  15 water moccasins
  A black bear (D:8)
  A hornet zombie (D:9)
  2 necrophages
  7 orc warriors
  A swamp drake (D:9)
  An ogre (D:5)
  16 wolves (Lair:6)
  4 centaurs
  A lemure (D:7)
  A kobold brigand (D:8)
  18 bullfrogs
  2 gnoll sergeants
  2 scorpions
  A wyvern zombie (D:8)
  A wyvern skeleton (D:6)
  12 killer bees
  3 wights (D:6)
  A howler monkey (D:8)
  An electric eel (D:10)
  3 centaur zombies
  A bullfrog zombie (D:6)
  5 orc priests
  A bullfrog skeleton (D:7)
  A centaur skeleton (D:7)
  2 hounds (D:5)
  4 iguanas
  7 orc wizards
  3 polar bear simulacra
  A wolf simulacrum (IceCv)
  4 killer bee zombies
  2 howler monkey zombies
  11 gnolls
  4 adders
  A river rat (Bailey)
  A shadow imp (D:6)
  A white imp (D:7)
  2 ufetubi
  2 dart slugs (D:1)
  40 orcs
  A giant cockroach (D:2)
  8 goblins
  6 hobgoblins
  4 quokkas
  3 ball pythons (D:1)
  4 bats
  3 frilled lizards
  11 kobolds
  A rat (D:2)
411 creatures vanquished.

Vanquished Creatures (collateral kills)
  2 hydras
  A human (Lair:5)
  A yak (Lair:5)
  A centaur zombie (D:10)
5 creatures vanquished.

Vanquished Creatures (others)
  24 fungi
  71 plants
95 creatures vanquished.

Grand Total: 511 creatures vanquished

Notes
Turn   | Place    | Note
-------+----------+-------------------------------------------
     0 | D:1      | Strat the Deep Dwarf Fighter began the quest for the Orb.
     0 | D:1      | Reached XP level 1. HP: 20/20 MP: 1/1
   261 | D:1      | Reached skill level 3 in Axes
   261 | D:1      | Reached XP level 2. HP: 24/27 MP: 2/2
   301 | D:1      | Found Dusoja's Weapon Shoppe.
   652 | D:2      | Found a faded altar of an unknown god.
   933 | D:3      | Reached XP level 3. HP: 28/33 MP: 3/3
   946 | D:3      | Reached skill level 4 in Axes
  1007 | D:3      | Found a broken altar of Ashenzari.
  1312 | D:4      | Noticed a bullfrog
  1315 | D:4      | Killed a bullfrog
  1316 | D:4      | Reached skill level 5 in Axes
  1316 | D:4      | Reached XP level 4. HP: 36/40 MP: 4/4
  1408 | D:4      | Reached XP level 5. HP: 35/49 MP: 5/5
  1448 | D:4      | Found Avoanlab's Book Shop.
  1455 | D:4      | Noticed Edmund
  1470 | D:4      | Killed Edmund
  1471 | D:4      | Reached XP level 6. HP: 26/56 MP: 6/6
  1496 | D:4      | Found a blossoming altar of Fedhas.
  1497 | D:4      | Found an ancient bone altar of Kikubaaqudgha.
  1497 | D:4      | Found a shimmering blue altar of Sif Muna.
  1524 | D:4      | Reached skill level 6 in Axes
  1533 | D:4      | Reached skill level 5 in Armour
  1545 | D:4      | Reached XP level 7. HP: 38/64 MP: 7/7
  1555 | D:4      | Found an iron altar of Okawaru.
  1555 | D:4      | Found a glowing golden altar of the Shining One.
  1557 | D:4      | Found a hazy altar of Hepliaklqana.
  1557 | D:4      | Found a basalt altar of Yredelemnul.
  1558 | D:4      | Found a sparkling altar of Nemelex Xobeh.
  1606 | D:4      | Reached skill level 7 in Axes
  1671 | D:4      | You fall into a shaft and drop 2 floors!
  1736 | D:6      | Reached skill level 8 in Axes
  1824 | D:6      | Found a staircase to the Ecumenical Temple.
  1845 | Temple   | Entered the Ecumenical Temple
  1849 | Temple   | Became a worshipper of Makhleb the Destroyer
  1889 | D:6      | Reached skill level 9 in Axes
  1889 | D:6      | Reached XP level 8. HP: 61/72 MP: 6/6
  2076 | D:5      | Entered Level 5 of the Dungeon
  2117 | D:5      | Noticed Prince Ribbit
  2161 | D:5      | Killed Prince Ribbit
  2162 | D:5      | Reached skill level 5 in Shields
  2211 | D:5      | Reached skill level 10 in Axes
  2270 | D:5      | Noticed Grinder
  2284 | D:5      | Killed Grinder
  2298 | D:5      | Reached * piety under Makhleb
  2361 | D:5      | Found Rowoekki's Book Boutique.
  2404 | D:5      | Gained mutation: You passively map the area around you.
                  | [Deep Dwarf growth]
  2404 | D:5      | Reached XP level 9. HP: 62/78 MP: 6/6
  2789 | D:7      | Noticed Pikel
  2848 | D:7      | Killed Pikel
  3026 | D:7      | Noticed a troll
  3051 | D:7      | Killed a troll
  3082 | D:7      | Reached skill level 5 in Fighting
  3152 | D:8      | Reached ** piety under Makhleb
  3324 | D:8      | Noticed Joseph
  3435 | D:8      | Identified the +2 battleaxe of Ejoog {freeze, SInv}
  3486 | D:8      | Found a flagged portal.
  3492 | D:8      | Killed Joseph
  3493 | D:8      | Reached XP level 10. HP: 45/88 MP: 6/6
  3504 | Bailey   | Entered a bailey
  3562 | Bailey   | Reached skill level 11 in Axes
  3684 | Bailey   | Noticed an orc knight
  3729 | Bailey   | Identified the +9 plate armour of Darkness {rElec Int+4}
  3729 | Bailey   | Identified the +0 kite shield of Ymeehi {rC+}
  3794 | Bailey   | an orc knight changed into a komodo dragon
  3996 | D:9      | Found a hide-covered altar of Uskayaw.
  4113 | D:9      | Reached *** piety under Makhleb
  4194 | D:9      | Identified the +3 pair of gloves of Refuge {Will+ Int+3}
  4338 | D:9      | Found Etseff's Distillery.
  4346 | D:9      | Bought a potion of berserk rage for 60 gold pieces
  4346 | D:9      | Bought a potion of invisibility for 96 gold pieces
  4523 | D:9      | Reached skill level 10 in Shields
  4590 | D:9      | Found a staircase to the Lair.
  4595 | Lair:1   | Entered Level 1 of the Lair of Beasts
  4810 | Lair:1   | Noticed a cane toad
  4819 | Lair:1   | Killed a cane toad
  4820 | Lair:1   | Reached XP level 11. HP: 67/99 MP: 6/6
  4895 | Lair:1   | Reached skill level 12 in Axes
  5111 | Lair:1   | Reached **** piety under Makhleb
  5310 | Lair:2   | Noticed a six-headed hydra
  5458 | Lair:2   | Learned a level 1 spell: Apportation
  5461 | Lair:2   | Noticed a four-headed hydra
  5462 | Lair:2   | Learned a level 3 spell: Vampiric Draining
  5813 | Lair:2   | Reached skill level 1 in Invocations
  5884 | Lair:3   | Found a frozen archway.
  5948 | IceCv    | Entered an ice cave
  6002 | Lair:3   | Reached skill level 13 in Axes
  6049 | Lair:3   | Reached skill level 10 in Armour
  6064 | Lair:3   | Found a staircase to the Swamp.
  6091 | Lair:3   | Reached XP level 12. HP: 72/112 MP: 8/8
  6456 | Lair:4   | Reached ***** piety under Makhleb
  6493 | Lair:4   | Found a staircase to the Snake Pit.
  6596 | Lair:4   | Reached skill level 5 in Invocations
  6959 | Lair:5   | Noticed an eight-headed hydra
  7125 | Lair:5   | Noticed an eight-headed hydra
  7176 | Lair:5   | Noticed a death yak
  7177 | Lair:5   | Noticed a death yak
  7178 | Lair:5   | Noticed a death yak
  7206 | Lair:5   | Reached skill level 14 in Axes
  7349 | Lair:5   | Found a viscous altar of Jiyva.
  7349 | Lair:5   | Found a staircase to the Slime Pits.
  7408 | Lair:5   | Noticed a death yak
  7408 | Lair:5   | Noticed a death yak
  7621 | Lair:6   | Entered Level 6 of the Lair of Beasts
  7765 | Lair:6   | Noticed an eight-headed hydra
  7931 | Lair:6   | Reached skill level 10 in Fighting
  7942 | Lair:6   | Noticed a death yak
  7943 | Lair:6   | Noticed a death yak
  7947 | Lair:6   | Noticed an eight-headed hydra
  7957 | Lair:6   | Noticed a death yak
  7958 | Lair:6   | Noticed a death yak
  7968 | Lair:6   | Noticed a death yak
  7996 | Lair:5   | Killed an eight-headed hydra
  7997 | Lair:5   | Reached XP level 13. HP: 68/123 MP: 11/11
  8152 | Lair:5   | Reached skill level 15 in Axes
  8164 | Lair:5   | Reached skill level 10 in Invocations
  8659 | Lair:6   | Reached skill level 16 in Axes
  9152 | D:10     | Entered Level 10 of the Dungeon
  9193 | D:10     | Noticed Erolcha
  9199 | D:10     | Killed Erolcha
  9239 | D:10     | Found an ornate altar of the Wu Jian Council.
  9276 | D:10     | Found a snail-covered altar of Cheibriados.
  9521 | D:10     | Gained mutation: You resist negative energy. (rN+) [Deep
                  | Dwarf growth]
  9521 | D:10     | Reached XP level 14. HP: 75/132 MP: 15/15
 10415 | D:12     | Reached ****** piety under Makhleb
 10469 | D:12     | Found a shadowy altar of Dithmenos.
 10519 | D:12     | Identified 2 scrolls of acquirement
 10519 | D:12     | Acquired a manual of Fighting
 10540 | D:12     | Found the +8 longbow "Zephyr" {speed, Dex+3 SInv}
 10573 | D:12     | Slain by a titanic slime creature

Illustrated notes

Levels and vault maps discovered:
D:1:      dpeg_chamrin_arrival_tetris, layout_basic, serial_shops, shop
D:2:      layout_rooms, shapermc_ecumenical_altar_starsandcircs, corexii_shack,
          minmay_misc_feat_roman
D:3:      layout_basic, mainiacjoe_overflow_boulevard
D:4:      layout_basic, grunt_temple_overflow_open, serial_shops,
          nicolae_shop_crystal, uniq_duvessa, uniq_edmund
D:5:      layout_rooms, zin_treasury, serial_shops, shop_statue,
          uniq_prince_ribbit1, uniq_grinder
D:6:      layout_basic, minmay_temple_entry_mist, uniq_blork_the_orc
D:7:      layout_basic, minivault_11, minmay_holes, minmay_misc_feat_ornament,
          abandoned_shop, small_statue_intersection, uniq_pikel
D:8:      layout_cave_pools, enter_bailey_5, serial_bayou_crossing, uniq_joseph
D:9:      layout_irregular_city, mainiacjoe_overflow_surrounded_room,
          erik_lair_dragon, serial_shops, shop
D:10:     layout_stronghold, pdpol_wu_jian_five_deadly_venoms,
          kennysheep_little_box, chequers_serial_rivers_micro_d, minivault_4,
          uniq_erolcha
D:11:     layout_loops_ring
D:12:     layout_roguey, david_orc_4, nicolae_dithmenos_shadow_blocks,
          uniq_nessos
Temple:   pf_slimified_temple
Lair:1:   layout_cave_pods, kennysheep_snail_temple
Lair:2:   layout_roguey, infiniplex_staircase_pool, grunt_megastairs_5,
          serial_bayou_shore_a
Lair:3:   layout_small_grid, swamp_mist, portal_ice_cave_entry_ice_simulacra,
          grunt_megastairs_1
Lair:4:   layout_gridlike, guppyfry_snake_entry_garden, beast_lair_carwin_11
Lair:5:   slaughterhouse, layout_hall_layers, slime_altar_1,
          serial_bayou_lagoon_a
Lair:6:   gammafunk_lair_ancient_temple, layout_long_grid, columned_hall_lemuel,
          lemuel_fruit_tree

Skill      XL: |  1  2  3  4  5  6  7  8  9 10 11 12 13 14 |
---------------+-------------------------------------------+-----
Axes           | 3 5 6 9 10 11 13 14 16 | 16.0
Fighting       | 3 4 5 6 8 10 | 10.0
Armour         | 4 5 6 8 10 | 10.0
Shields        | 7 9 10 11 12 | 12.7
Invocations    | 3 8 13 14 | 14.6

Action                   |  1- 3 |  4- 6 |  7- 9 | 10-12 | 13-15 || total
-------------------------+-------+-------+-------+-------+-------++-------
Melee: War axe           |    87 |    55 |   324 |   746 |   501 ||  1713
       Flail             |       |       |       |     2 |    15 ||    17
Invok: Lesser Servant of |       |       |       |     2 |     4 ||     6
       Major Destruction |       |       |       |     1 |     2 ||     3
 Abil: Heal Wounds       |     1 |     4 |    12 |    13 |     9 ||    39
Evoke: Wand              |       |       |     2 |    10 |     1 ||    13
       Condenser vane    |       |       |       |     1 |     1 ||     2
  Use: Scroll            |       |     9 |     3 |    12 |     6 ||    30
       Potion            |       |     1 |       |       |     2 ||     3
Armor: Scale mail        |    36 |     6 |       |       |       ||    42
       Chain mail        |       |    22 |   100 |    13 |       ||   135
       Crystal plate arm |       |       |       |   373 |   218 ||   591
Dodge: Dodged            |    69 |    44 |   166 |   247 |   150 ||   676
Block: Buckler           |    17 |    11 |    63 |       |       ||    91
       Kite shield       |       |       |    34 |   436 |   253 ||   723
